[Event "Kupreichik Memorial Open 2018"]
[Site "Minsk"]
[Date "2018.06.21"]
[Round "3"]
[White "Artsiomau, Stanislau"]
[Black "Halouchyts, Karalina"]
[Result "1-0"]
[ECO "B00"]
[WhiteElo "1954"]
[BlackElo "1603"]
[Annotator "NA"]
[PlyCount "107"]
[EventDate "2018.06.21"]
[EventCountry "BLR"]
[SourceTitle "playchess.com"]
[Source "ChessBase"]
[SourceQuality "1"]
[TimeControl "900+10"]

1. e4 d6 2. g3 Nf6 3. Bg2 e5 4. d3 g6 5. Nf3 Bg7 6. O-O O-O 7. Bg5 c6 8. Qd2 Qc7 9. Bh6 Re8 10. Bxg7 Kxg7 11. Nh4 d5 12. f3 Nbd7 13. Nc3 Nc5 14. Rae1 b6 15. Nd1 Bb7 16. Nf2 Rad8 17. Qc1 Bc8 18. Bh3 Ne6 19. Kh1 h6 20. Bg2 Bb7 21. b3 c5 22. Qa1 Nd4 23. Qb2 c4 24. c3 Ne6 25. exd5 Bxd5 26. dxc4 Bc6 27. Rd1 Nc5 28. b4 Ne6 29. Rxd8 Rxd8 30. Rd1 Rxd1+ 31. Nxd1 Bb7 32. Ne3 Qd7 33. Qe2 e4 34. Qd1 Qxd1+ 35. Nxd1 exf3 36. Bxf3 Bxf3+ 37. Nxf3 Ne4 38. Kg2 f5 39. Kf1 Kf6 40. Ke1 Nd6 41. Nd2 Ke5 42. Nf2 Nb7 43. Nd3+ Kf6 44. Kf2 g5 45. Kf3 h5 46. h3 a6 47. a4 h4 48. g4 fxg4+ 49. Kxg4 Kg6 50. Ne4 Kh6 51. c5 bxc5 52. Ndxc5 Nbxc5 53. Nxc5 Nc7 54. c4 1-0

[Event "Kupreichik Memorial Open 2018"]
[Site "Minsk"]
[Date "2018.06.21"]
[Round "3"]
[White "Laptii, Nazar"]
[Black "Zarubitski, Viachaslau"]
[Result "0-1"]
[ECO "A00"]
[WhiteElo "1915"]
[BlackElo "2265"]
[Annotator "NA"]
[PlyCount "86"]
[EventDate "2018.06.21"]
[EventCountry "BLR"]
[SourceTitle "playchess.com"]
[Source "ChessBase"]
[SourceQuality "1"]
[TimeControl "900+10"]

1. g3 d5 2. Bg2 Nf6 3. d3 Bf5 4. Nd2 e6 5. e4 Bg4 6. Bf3 Bxf3 7. Ngxf3 Be7 8. O-O c5 9. Re1 Nc6 10. c3 O-O 11. e5 Nd7 12. Nf1 b5 13. h4 Nb6 14. Bg5 h6 15. Bxe7 Qxe7 16. d4 b4 17. cxb4 Nxb4 18. a3 Nc6 19. Rc1 c4 20. g4 f6 21. Ng3 fxe5 22. Nxe5 Nxe5 23. Rxe5 Qxh4 24. Rh5 Qf6 25. Qd2 Qf4 26. Qe1 Qxg4 27. Rc3 Rf6 28. Re3 Raf8 29. Rh2 Qxd4 30. Rxe6 Rf3 31. Rg6 R3f6 32. Rhxh6 Qxf2+ 33. Qxf2 Rxf2 34. Nh5 Rf1+ 35. Kg2 R8f2+ 36. Kg3 Rf7 37. Kg2 R1f2+ 38. Kg1 Rxb2 39. Rg4 c3 40. Nf6+ Rxf6 41. Rxf6 c2 42. Rf1 Rb1 43. Rb4 Rxf1+ 0-1

[Event "Kupreichik Memorial Open 2018"]
[Site "Minsk"]
[Date "2018.06.21"]
[Round "3"]
[White "Gavrjuchenkova, Angelina"]
[Black "Tkachou, Pavel"]
[Result "0-1"]
[ECO "C02"]
[WhiteElo "1900"]
[BlackElo "1535"]
[Annotator "NA"]
[PlyCount "86"]
[EventDate "2018.06.21"]
[EventCountry "BLR"]
[SourceTitle "playchess.com"]
[Source "ChessBase"]
[SourceQuality "1"]
[TimeControl "900+10"]

1. e4 e6 2. d4 d5 3. e5 c5 4. c3 Nc6 5. Nf3 Qb6 6. Be2 cxd4 7. cxd4 Bb4+ 8. Kf1 f6 9. Bf4 fxe5 10. Bxe5 Nf6 11. Ng5 Nxe5 12. dxe5 Ne4 13. Nxe4 dxe4 14. Bh5+ g6 15. Bg4 O-O 16. Qe2 Bd7 17. a4 Rac8 18. g3 Rc1+ 19. Kg2 Rxh1 20. Kxh1 Rxf2 21. Qc4 e3 22. Nc3 Bxc3 23. bxc3 e2 24. a5 Rf1+ 25. Rxf1 exf1=Q+ 26. Qxf1 Bc6+ 27. Bf3 Qxa5 28. Bxc6 bxc6 29. Qc4 Qd5+ 30. Qxd5 cxd5 31. Kg2 Kf7 32. Kf3 g5 33. g4 Ke7 34. Ke3 Kd7 35. Kd4 Kc6 36. c4 dxc4 37. Kxc4 a5 38. Kb3 Kd5 39. Ka4 Kxe5 40. Kxa5 Kf4 41. Kb4 Kxg4 42. Kc4 e5 43. Kd5 Kh5 0-1

[Event "Kupreichik Memorial Open 2018"]
[Site "Minsk"]
[Date "2018.06.21"]
[Round "3"]
[White "Polovkov, Valery"]
[Black "Barskij, Vladimir"]
[Result "0-1"]
[ECO "A00"]
[WhiteElo "1830"]
[BlackElo "2352"]
[Annotator "NA"]
[PlyCount "66"]
[EventDate "2018.06.21"]
[EventCountry "BLR"]
[SourceTitle "playchess.com"]
[Source "ChessBase"]
[SourceQuality "1"]
[TimeControl "900+10"]

1. g3 d5 2. Bg2 e5 3. d3 Nf6 4. b3 Bb4+ 5. c3 Bd6 6. Bb2 O-O 7. Nd2 a5 8. e3 a4 9. h3 Nbd7 10. Ne2 Nc5 11. Qc2 axb3 12. axb3 Rxa1+ 13. Bxa1 Bf5 14. e4 dxe4 15. dxe4 Be6 16. O-O Qd7 17. Kh2 Ra8 18. c4 Na6 19. f4 Nb4 20. Qc3 Nc6 21. c5 Bxc5 22. f5 Bb4 23. Qf3 Qxd2 24. fxe6 fxe6 25. g4 Rf8 26. Ng3 Nd7 27. Qd1 Rxf1 28. Qxf1 Qf4 29. Qd1 Nd4 30. Bxd4 exd4 31. Qxd4 Bd6 32. Qc3 Be5 33. Qd3 Nc5 0-1

[Event "Kupreichik Memorial Open 2018"]
[Site "Minsk"]
[Date "2018.06.21"]
[Round "3"]
[White "Girshgorn, Maria"]
[Black "Tsigelnitskiy, Ilusha"]
[Result "1/2-1/2"]
[ECO "A46"]
[WhiteElo "1805"]
[BlackElo "2253"]
[Annotator "NA"]
[PlyCount "107"]
[EventDate "2018.06.21"]
[EventCountry "BLR"]
[SourceTitle "playchess.com"]
[Source "ChessBase"]
[SourceQuality "1"]
[TimeControl "900+10"]

1. d4 Nf6 2. Nf3 c5 3. g3 cxd4 4. Nxd4 e5 5. Nf3 e4 6. Nd4 d5 7. Bg2 Be7 8. O-O O-O 9. Bf4 Nc6 10. Nc3 Qb6 11. Ndb5 Be6 12. Be3 Qa5 13. h3 Rac8 14. a3 a6 15. Nd4 Ne5 16. b4 Qd8 17. Na4 Nc4 18. Nxe6 fxe6 19. Bc5 b6 20. Bxe7 Qxe7 21. e3 Qc7 22. Qe2 Nd7 23. Rfd1 b5 24. Nc3 Nb2 25. Nxd5 exd5 26. Rxd5 Nf6 27. Rd4 Rfd8 28. Rxd8+ Rxd8 29. g4 h6 30. h4 Qc3 31. g5 Rd2 32. Qe1 hxg5 33. hxg5 Ng4 34. Bxe4 Nxf2 35. Bg2 Rxc2 36. Qxc3 Rxc3 37. Kxf2 Nc4 38. Bd5+ Kh7 39. Bf7 g6 40. Bxc4 Rxc4 41. Kf3 Kg7 42. e4 Kf7 43. Kf4 Ke6 44. Ra2 Rc3 45. Ra1 Rh3 46. a4 Rh4+ 47. Kf3 Rh3+ 48. Kf4 Rb3 49. axb5 axb5 50. Ra6+ Kf7 51. Ra7+ Ke6 52. Ra6+ Kf7 53. Ra7+ Ke6 54. Ra6+ 1/2-1/2

[Event "Kupreichik Memorial Open 2018"]
[Site "Minsk"]
[Date "2018.06.21"]
[Round "3"]
[White "Stroganova, Karina"]
[Black "Beliuga, Mikhail"]
[Result "0-1"]
[ECO "E18"]
[WhiteElo "1776"]
[BlackElo "1699"]
[Annotator "NA"]
[PlyCount "92"]
[EventDate "2018.06.21"]
[EventCountry "BLR"]
[SourceTitle "playchess.com"]
[Source "ChessBase"]
[SourceQuality "1"]
[TimeControl "900+10"]

1. d4 Nf6 2. Nf3 e6 3. c4 b6 4. g3 Bb7 5. Bg2 Be7 6. O-O O-O 7. Nc3 d5 8. Ne5 Nbd7 9. Qc2 c5 10. e3 a6 11. b3 Rc8 12. Bb2 Qc7 13. Rac1 Rfd8 14. Rfd1 dxc4 15. Nxc4 Bxg2 16. Kxg2 b5 17. Nd2 cxd4 18. exd4 b4 19. Qd3 bxc3 20. Bxc3 Qb7+ 21. Kg1 Nd5 22. Ba5 Rxc1 23. Rxc1 Rc8 24. Nc4 Bb4 25. Bxb4 Nxb4 26. Qd2 Nd5 27. Re1 Qb4 28. Qe2 N5b6 29. Ne3 Nf6 30. Rd1 Qb5 31. Qf3 Nbd5 32. Nc4 Qb4 33. Rc1 Nd7 34. a3 Qe7 35. Re1 N7b6 36. Ne5 Rc3 37. Qe2 Rxb3 38. Qxa6 Rxa3 39. Qb5 h6 40. Nc6 Qd7 41. Qb2 Rc3 42. Ne5 Qc7 43. Ra1 Rc2 44. Qa3 Qc3 45. Qd6 Qxa1+ 46. Kg2 Qa8 0-1

[Event "Kupreichik Memorial Open 2018"]
[Site "Minsk"]
[Date "2018.06.21"]
[Round "3"]
[White "Papunidi, Matvey"]
[Black "Kuznetsov, Mikhail V"]
[Result "1-0"]
[ECO "B29"]
[WhiteElo "1751"]
[BlackElo "2162"]
[Annotator "NA"]
[PlyCount "95"]
[EventDate "2018.06.21"]
[EventCountry "BLR"]
[SourceTitle "playchess.com"]
[Source "ChessBase"]
[SourceQuality "1"]
[TimeControl "900+10"]

1. e4 c5 2. Nf3 Nf6 3. Nc3 d5 4. e5 Ne4 5. d4 Nxc3 6. bxc3 Nc6 7. Bb5 Qa5 8. Bxc6+ bxc6 9. Bd2 e6 10. c4 Qa6 11. cxd5 cxd5 12. c3 Bd7 13. Rb1 Bb5 14. Qb3 Bd3 15. Qb7 Qxb7 16. Rxb7 h6 17. Be3 c4 18. Kd2 Ba3 19. Ne1 Be4 20. Nc2 Be7 21. f3 Bg6 22. Rhb1 Bd8 23. Rb8 Rxb8 24. Rxb8 O-O 25. Nb4 Bb6 26. Rb7 Rc8 27. Kc1 Rc7 28. Rxc7 Bxc7 29. Kb2 f6 30. f4 Be8 31. Na6 Ba5 32. Nc5 Kf7 33. Nb7 Bc7 34. Nc5 Ke7 35. Bd2 Bb6 36. Na6 Ba4 37. Ka3 Bc2 38. Kb4 Kf7 39. a4 Kg6 40. a5 Bd8 41. Kb5 Kf5 42. Nc5 Be4 43. Nb7 Bxa5 44. Nd6+ Kg4 45. Nxe4 dxe4 46. Kxa5 h5 47. d5 fxe5 48. dxe6 1-0

[Event "Kupreichik Memorial Open 2018"]
[Site "Minsk"]
[Date "2018.06.21"]
[Round "3"]
[White "Zagorskii, Artem"]
[Black "Maslak, Alexander"]
[Result "1-0"]
[ECO "B62"]
[WhiteElo "1705"]
[BlackElo "2127"]
[Annotator "NA"]
[PlyCount "68"]
[EventDate "2018.06.21"]
[EventCountry "BLR"]
[SourceTitle "playchess.com"]
[Source "ChessBase"]
[SourceQuality "1"]
[TimeControl "900+10"]

1. e4 c5 2. Nf3 Nc6 3. d4 cxd4 4. Nxd4 Nf6 5. Nc3 d6 6. Bg5 e6 7. Qd3 a6 8. O-O-O Be7 9. f4 h6 10. Bxf6 gxf6 11. Be2 h5 12. Bf3 Nxd4 13. Qxd4 Qc7 14. Rhe1 Bd7 15. f5 Rc8 16. Qd2 b5 17. Ne2 e5 18. h4 b4 19. Kb1 a5 20. Ng3 Qb6 21. Nxh5 a4 22. Rc1 Rc3 23. Ng3 Rxh4 24. Rh1 Rxh1 25. Rxh1 Kd8 26. Ne2 Rc5 27. Rh7 Be8 28. Bh5 Qc6 29. Rh8 Kd7 30. Bf3 a3 31. b3 Qb6 32. Ng3 Rc3 33. Nh5 Qg1+ 34. Bd1 Qh1 {time} 1-0

[Event "Kupreichik Memorial Open 2018"]
[Site "Minsk"]
[Date "2018.06.21"]
[Round "3"]
[White "Tsvetkova, Vladislava"]
[Black "Sarbay, Aleksandr"]
[Result "0-1"]
[ECO "B32"]
[WhiteElo "1697"]
[BlackElo "2183"]
[Annotator "NA"]
[PlyCount "132"]
[EventDate "2018.06.21"]
[EventCountry "BLR"]
[SourceTitle "playchess.com"]
[Source "ChessBase"]
[SourceQuality "1"]
[TimeControl "900+10"]

1. e4 c5 2. Nf3 Nc6 3. d4 cxd4 4. Nxd4 g6 5. Ne2 Nf6 6. Nbc3 Bg7 7. g3 O-O 8. Bg2 d6 9. O-O Ne5 10. Nd5 Nxd5 11. exd5 Bg4 12. c3 Qd7 13. Be3 Bh3 14. Bd4 Bxg2 15. Kxg2 Qf5 16. Nf4 g5 17. Bxe5 Bxe5 18. Nd3 Bf6 19. Qf3 Qg6 20. Rad1 Kg7 21. Qe2 h5 22. f4 g4 23. f5 Qg5 24. Rf4 Rac8 25. Rh1 b5 26. h3 gxh3+ 27. Rxh3 Rh8 28. Rfh4 Qxf5 29. Rxh5 Qd7 30. Qe4 Rxh5 31. Rxh5 Rh8 32. Nf4 Be5 33. Rxh8 Kxh8 34. Nd3 Bf6 35. Qe3 Qf5 36. Nf4 Bg5 37. Qf3 Bxf4 38. Qxf4 Qxd5+ 39. Kh2 Kg7 40. Qg4+ Kf6 41. Qf4+ Qf5 42. Qd4+ Qe5 43. Qh4+ Ke6 44. Qg4+ Qf5 45. Qe2+ Kd7 46. b3 Qe5 47. Qf3 Ke6 48. Qg4+ Qf5 49. Qe2+ Kd7 50. a4 bxa4 51. bxa4 a5 52. Qe3 Qc5 53. Qf3 f5 54. Qb7+ Ke6 55. Qb3+ Qd5 56. Qc2 Qc4 57. Kh3 d5 58. Qd1 Qxc3 59. Qe2+ Qe5 60. Qa6+ Qd6 61. Qxa5 d4 62. Qe1+ Qe5 63. Qd2 Qe3 64. Qa2+ Kd6 65. a5 f4 66. Qg2 Qxg3+ 0-1

[Event "Kupreichik Memorial Open 2018"]
[Site "Minsk"]
[Date "2018.06.21"]
[Round "3"]
[White "Tarasenka, Aliaksandra"]
[Black "Shaban, Alena"]
[Result "0-1"]
[ECO "D35"]
[WhiteElo "1682"]
[BlackElo "2027"]
[Annotator "NA"]
[PlyCount "150"]
[EventDate "2018.06.21"]
[EventCountry "BLR"]
[SourceTitle "playchess.com"]
[Source "ChessBase"]
[SourceQuality "1"]
[TimeControl "900+10"]

1. c4 e6 2. Nc3 Nf6 3. d4 d5 4. cxd5 exd5 5. Bg5 c6 6. e3 Be7 7. Bd3 O-O 8. Nge2 Ne4 9. Bf4 f5 10. O-O Nd7 11. f3 Nxc3 12. Nxc3 Nf6 13. Qc2 Qd7 14. Rad1 Qe6 15. Rfe1 Nd7 16. Bg3 Qf6 17. Bf2 Bd6 18. h3 Qh6 19. e4 fxe4 20. fxe4 Qh5 21. exd5 cxd5 22. Nxd5 Nf6 23. Ne3 Bxh3 24. gxh3 Qxh3 25. Ng2 Bh2+ 26. Kf1 Ng4 27. Bf5 Bg3 28. Bxg4 Qxg4 29. Rd2 Qh3 30. Qb3+ Kh8 31. Re3 Qh1+ 32. Ke2 Rxf2+ 33. Kd3 Rxd2+ 34. Kxd2 Qxg2+ 35. Kd3 Qf1+ 36. Kc2 Rc8+ 37. Rc3 Qe2+ 38. Kb1 Qe4+ 39. Kc1 Qe1+ 40. Kc2 Qe4+ 41. Kc1 Bf4+ 42. Kd1 Qb1+ 43. Ke2 Re8+ 44. Kf3 Qf1+ 45. Kg4 Bd6 46. Qd5 Qf4+ 47. Kh3 Re3+ 48. Rxe3 Qxe3+ 49. Kg2 Qg3+ 50. Kf1 Qf4+ 51. Ke2 h6 52. Qxb7 Qxd4 53. Qc8+ Kh7 54. Qf5+ Kg8 55. Qe6+ Kf8 56. Qc8+ Kf7 57. Qd7+ Kf6 58. Qd8+ Kg6 59. Qe8+ Kg5 60. Qd8+ Kh5 61. Qe8+ g6 62. Kf3 Qf4+ 63. Kg2 Qg3+ 64. Kf1 Qf3+ 65. Kg1 Bc5+ 66. Kh2 Qf2+ 67. Kh3 Qf3+ 68. Kh2 Bd6+ 69. Kg1 Bg3 70. Qb5+ g5 71. Qc5 Bf4 72. Qc8 Be3+ 73. Kh2 Qf2+ 74. Kh3 Qf1+ 75. Kh2 Bf4# 0-1

[Event "Kupreichik Memorial Open 2018"]
[Site "Minsk"]
[Date "2018.06.21"]
[Round "3"]
[White "Stsepkina, Yauheniya"]
[Black "Kalinin, Dmitry"]
[Result "0-1"]
[ECO "E05"]
[WhiteElo "1591"]
[BlackElo "1995"]
[Annotator "NA"]
[PlyCount "113"]
[EventDate "2018.06.21"]
[EventCountry "BLR"]
[SourceTitle "playchess.com"]
[Source "ChessBase"]
[SourceQuality "1"]
[TimeControl "900+10"]

1. d4 Nf6 2. c4 e6 3. Nf3 d5 4. g3 Be7 5. Bg2 dxc4 6. Qa4+ Bd7 7. Qxc4 Bc6 8. O-O O-O 9. Nc3 a6 10. Ne5 Bxg2 11. Kxg2 Nbd7 12. e4 Nb6 13. Qd3 Nfd7 14. Nxd7 Qxd7 15. Rd1 Rfd8 16. Qe2 Na4 17. Nxa4 Qxa4 18. b3 Qb5 19. Qc4 Bf6 20. Bb2 Rd7 21. e5 Be7 22. a4 Qd5+ 23. Qxd5 Rxd5 24. Rac1 c6 25. Bc3 Rad8 26. Rd2 R8d7 27. Rcd1 Bd8 28. Kf3 f6 29. Ke4 f5+ 30. Ke3 Bb6 31. f4 Kf7 32. Ke2 h6 33. Kf3 Rd8 34. Ke2 g5 35. Kf3 g4+ 36. Ke2 h5 37. Rd3 h4 38. gxh4 Kg6 39. h3 Kh5 40. hxg4+ fxg4 41. R3d2 R5d7 42. Kf2 Rg8 43. Kg3 Rf7 44. Rf2 Bd8 45. Rh1 Bb6 46. Re2 Rd7 47. Rd2 Bd8 48. Bb4 Rd5 49. Bc3 Rg7 50. Rf2 Rf7 51. Rff1 c5 52. dxc5 Rd3+ 53. Kg2 Rxc3 54. b4 Rc2+ 55. Kg3 Rd7 56. Rd1 Rxd1 57. a5 0-1

[Event "Kupreichik Memorial Open 2018"]
[Site "Minsk"]
[Date "2018.06.21"]
[Round "3"]
[White "Yagutian, Mariya"]
[Black "Tihonov, Jurij"]
[Result "0-1"]
[ECO "A41"]
[WhiteElo "1506"]
[BlackElo "2385"]
[Annotator "NA"]
[PlyCount "82"]
[EventDate "2018.06.21"]
[EventCountry "BLR"]
[SourceTitle "playchess.com"]
[Source "ChessBase"]
[SourceQuality "1"]
[TimeControl "900+10"]

1. d4 d6 2. Nf3 g6 3. e4 Bg7 4. Be3 a6 5. Nc3 Nf6 6. Qd2 O-O 7. Bh6 b5 8. a3 Bb7 9. Bd3 Nbd7 10. h4 e5 11. dxe5 Nxe5 12. Nxe5 dxe5 13. Bxg7 Kxg7 14. Qg5 Qe7 15. h5 h6 16. Qg3 g5 17. Qh3 c5 18. Qe3 c4 19. Be2 Nd7 20. g3 f5 21. f4 exf4 22. gxf4 Qc5 23. Qd2 Rad8 24. fxg5 Ne5 25. gxh6+ Kh8 26. Qg5 Rg8 27. Qf6+ Kh7 28. Qxf5+ Kh8 29. Nd5 Qd6 30. Nf6 Qd2+ 31. Kf1 Qxh6 32. Nxg8 Rxg8 33. Qxe5+ Kh7 34. Rd1 Rf8+ 35. Ke1 Bc8 36. Qe7+ Kh8 37. Rd8 Qc1+ 38. Rd1 Qf4 39. Qh4 Qe3 40. Rh3 Bxh3 41. Qe7 Rf1# 0-1

[Event "Kupreichik Memorial Open 2018"]
[Site "Minsk"]
[Date "2018.06.21"]
[Round "3"]
[White "Kasperovich, Mikhail"]
[Black "Sadovnikov, Konstantin"]
[Result "0-1"]
[ECO "A56"]
[WhiteElo "1216"]
[BlackElo "1908"]
[Annotator "NA"]
[PlyCount "162"]
[EventDate "2018.06.21"]
[EventCountry "BLR"]
[SourceTitle "playchess.com"]
[Source "ChessBase"]
[SourceQuality "1"]
[TimeControl "900+10"]

1. d4 Nf6 2. c4 c5 3. Nf3 cxd4 4. Nxd4 e5 5. Nf3 Nc6 6. Nc3 Bb4 7. Bd2 Bxc3 8. Bxc3 Ne4 9. Qc2 Nxc3 10. Qxc3 Qe7 11. e3 O-O 12. Be2 Rd8 13. Rd1 d6 14. O-O Be6 15. Rd2 Rd7 16. Rfd1 Rad8 17. e4 f6 18. b3 Kh8 19. Nh4 Nd4 20. Qg3 a6 21. Bg4 b5 22. cxb5 axb5 23. Qh3 Kg8 24. Bxe6+ Qxe6 25. Qxe6+ Nxe6 26. Nf5 g6 27. Ne3 Nd4 28. Nd5 Kf7 29. Nc3 Rc8 30. Ne2 Nxe2+ 31. Rxe2 Ke6 32. Red2 Rc6 33. Rd5 Rb6 34. b4 Ra7 35. R1d2 Ra4 36. Rb2 Rc6 37. Kf1 Rc4 38. Rxb5 Rxe4 39. Rb7 d5 40. b5 Kf5 41. b6 Rab4 42. Rxb4 Rxb4 43. Rb8 Rb1+ 44. Ke2 Rb2+ 45. Kd3 Rxa2 46. b7 Rb2 47. Kc3 Rb6 48. f3 h5 49. Kd3 g5 50. g3 g4 51. fxg4+ hxg4 52. Kc3 Ke4 53. Rg8 Rxb7 54. Rxg4+ Kf5 55. Rh4 d4+ 56. Kc4 Ke6 57. Re4 Rc7+ 58. Kd3 Rc3+ 59. Kd2 Kd5 60. Re1 Ra3 61. h4 Rxg3 62. Rh1 e4 63. h5 Rg2+ 64. Kd1 f5 65. h6 Rg8 66. h7 Rh8 67. Rh5 Ke5 68. Rh4 d3 69. Kd2 Kf6 70. Ke3 Kg6 71. Rh2 Rxh7 72. Rg2+ Kf6 73. Kf4 Rh4+ 74. Ke3 Ke5 75. Rg5 Rh3+ 76. Kd2 Kf4 77. Rg1 Rh2+ 78. Kd1 e3 79. Rf1+ Ke4 80. Rg1 Ra2 81. Rg8 Ra1# 0-1

[Event "Kupreichik Memorial Open 2018"]
[Site "Minsk"]
[Date "2018.06.21"]
[Round "4"]
[White "Tihonov, Jurij"]
[Black "Girshgorn, Maria"]
[Result "1/2-1/2"]
[ECO "A48"]
[WhiteElo "2385"]
[BlackElo "1805"]
[Annotator "NA"]
[PlyCount "108"]
[EventDate "2018.06.21"]
[EventCountry "BLR"]
[SourceTitle "playchess.com"]
[Source "ChessBase"]
[SourceQuality "1"]
[TimeControl "900+10"]

1. d4 Nf6 2. Nf3 g6 3. Bg5 Bg7 4. e3 d6 5. Be2 O-O 6. O-O Nbd7 7. c4 e5 8. Nc3 c6 9. Qc2 Qc7 10. Rfd1 exd4 11. Nxd4 Nc5 12. Rd2 Bd7 13. Rad1 Rad8 14. Bf4 Bg4 15. f3 Bc8 16. b4 Na6 17. a3 Nh5 18. Bg5 Rde8 19. e4 h6 20. Bh4 Nf4 21. Bf1 d5 22. exd5 cxd5 23. Ndb5 Qb6+ 24. Bf2 Qf6 25. cxd5 Bf5 26. Qb3 Qg5 27. Kh1 h5 28. d6 h4 29. d7 Rd8 30. Ne4 Bxe4 31. fxe4 h3 32. g3 Ng2 33. Qf3 f5 34. Bxg2 hxg2+ 35. Kxg2 fxe4 36. Qb3+ Kh7 37. Nd6 Qg4 38. Nxb7 Rf3 39. Qc4 Rxd7 40. Rxd7 Rxf2+ 41. Kg1 Qf3 42. Rxg7+ Kxg7 43. Qd4+ Kh7 44. Qxf2 Qxd1+ 45. Kg2 Qd5 46. Nc5 e3+ 47. Qf3 Qd2+ 48. Kh3 Nxc5 49. Qf7+ Kh6 50. Qf4+ Kh7 51. bxc5 Qd7+ 52. g4 e2 53. Qe5 Qd1 54. Qe7+ Kg8 1/2-1/2

[Event "Kupreichik Memorial Open 2018"]
[Site "Minsk"]
[Date "2018.06.21"]
[Round "4"]
[White "Barskij, Vladimir"]
[Black "Ilyuchyk, Yana"]
[Result "1-0"]
[ECO "B21"]
[WhiteElo "2352"]
[BlackElo "1971"]
[Annotator "NA"]
[PlyCount "87"]
[EventDate "2018.06.21"]
[EventCountry "BLR"]
[SourceTitle "playchess.com"]
[Source "ChessBase"]
[SourceQuality "1"]
[TimeControl "900+10"]

1. e4 c5 2. f4 Nc6 3. Nf3 g6 4. Bb5 Bg7 5. Bxc6 dxc6 6. d3 Nf6 7. O-O Bg4 8. Nbd2 O-O 9. Qe1 Bxf3 10. Nxf3 Qb6 11. Kh1 Qc7 12. Rb1 Rad8 13. b3 Nh5 14. Qh4 Bf6 15. Qg4 Bg7 16. f5 Qd7 17. Qh4 Bf6 18. Bg5 Bxg5 19. Nxg5 h6 20. Nf3 Kg7 21. e5 Qxf5 22. g4 Qf4 23. gxh5 Qxh4 24. Nxh4 Rd4 25. Nf3 Rf4 26. hxg6 fxg6 27. Nd2 Rf2 28. Rxf2 Rxf2 29. Rd1 Re2 30. Kg1 b6 31. a4 g5 32. c3 Rxe5 33. Ne4 Kg6 34. Kg2 h5 35. Kf3 g4+ 36. Ke2 h4 37. Rf1 b5 38. c4 bxc4 39. bxc4 h3 40. Rf8 a5 41. Ke3 Rf5 42. Rg8+ Kf7 43. Rxg4 Rf1 44. Rf4+ 1-0

[Event "Kupreichik Memorial Open 2018"]
[Site "Minsk"]
[Date "2018.06.21"]
[Round "4"]
[White "Tsigelnitskiy, Ilusha"]
[Black "Zagorskii, Artem"]
[Result "1-0"]
[ECO "B42"]
[WhiteElo "2253"]
[BlackElo "1705"]
[Annotator "NA"]
[PlyCount "111"]
[EventDate "2018.06.21"]
[EventCountry "BLR"]
[SourceTitle "playchess.com"]
[Source "ChessBase"]
[SourceQuality "1"]
[TimeControl "900+10"]

1. e4 c5 2. Nf3 e6 3. d4 cxd4 4. Nxd4 a6 5. Bd3 Ne7 6. b3 Nbc6 7. Nxc6 Nxc6 8. Bb2 Bb4+ 9. Nd2 O-O 10. O-O Be7 11. Qe2 Nb4 12. Rad1 Nxd3 13. Qxd3 b5 14. Qg3 f6 15. Nf3 Bb7 16. Rfe1 Rc8 17. Nd4 Qc7 18. Qg4 Bc5 19. h4 Rf7 20. c3 Bf8 21. h5 Kh8 22. Re3 Bc5 23. Rh3 Bxd4 24. Rxd4 h6 25. Rg3 Rg8 26. Qg6 d5 27. exd5 Bxd5 28. c4 bxc4 29. bxc4 Bb7 30. Rgg4 e5 31. Rd3 Bc8 32. Re4 Be6 33. Bc1 Qe7 34. Rg3 Rff8 35. f4 Qa7+ 36. Kh2 Bf7 37. Qf5 exf4 38. Bxf4 Be8 39. Bd6 Rf7 40. Rge3 Bd7 41. Qf4 Qb6 42. c5 Qc6 43. Rg3 Bc8 44. Qe3 Bb7 45. Re7 Qd5 46. Qe2 Rxe7 47. Bxe7 Re8 48. Re3 Qg5 49. Kg1 Qf4 50. Qf2 Qd4 51. Re1 Qd5 52. Qe2 Kg8 53. Qg4 Ba8 54. Qg6 Bc6 55. Kh2 Ba8 56. Bxf6 1-0

[Event "Kupreichik Memorial Open 2018"]
[Site "Minsk"]
[Date "2018.06.21"]
[Round "4"]
[White "Sihite, Chelsie Monica Igne"]
[Black "Artsiomau, Stanislau"]
[Result "1-0"]
[ECO "C50"]
[WhiteElo "2236"]
[BlackElo "1954"]
[Annotator "NA"]
[PlyCount "109"]
[EventDate "2018.06.21"]
[EventCountry "BLR"]
[SourceTitle "playchess.com"]
[Source "ChessBase"]
[SourceQuality "1"]
[TimeControl "900+10"]

1. e4 e5 2. Nf3 Nc6 3. Bc4 Be7 4. O-O Nf6 5. d3 d6 6. c3 O-O 7. Bb3 Bg4 8. h3 Be6 9. Bc2 h6 10. d4 exd4 11. Nxd4 Bd7 12. Nd2 Re8 13. Re1 Bf8 14. Nf1 g6 15. Ng3 Bg7 16. Be3 Kh7 17. f4 a6 18. Nf3 Ng8 19. Bd3 b5 20. Qc2 Nge7 21. Rad1 Qc8 22. Kh2 Rb8 23. Bc1 a5 24. e5 dxe5 25. fxe5 Nf5 26. Nxf5 Bxf5 27. Bxf5 Qxf5 28. Qxf5 gxf5 29. Bf4 Rbd8 30. Rxd8 Nxd8 31. Rd1 Ne6 32. g3 Bf8 33. Nh4 Ng7 34. Rd7 Be7 35. Nf3 Ne6 36. Nd4 Nxd4 37. cxd4 c6 38. Rc7 Bf8 39. Rxf7+ Kg8 40. Rxf5 Rd8 41. Be3 a4 42. Kg2 b4 43. Kf3 Rb8 44. Ke4 b3 45. axb3 Rxb3 46. Rf2 Be7 47. Rc2 h5 48. h4 Kf7 49. Bf4 Ke8 50. e6 Rb6 51. Kf5 Kf8 52. Be5 Ra6 53. d5 c5 54. Rd2 c4 55. d6 1-0

[Event "Kupreichik Memorial Open 2018"]
[Site "Minsk"]
[Date "2018.06.21"]
[Round "4"]
[White "Sarbay, Aleksandr"]
[Black "Talma, Sergei"]
[Result "1-0"]
[ECO "B28"]
[WhiteElo "2183"]
[BlackElo "1858"]
[Annotator "NA"]
[PlyCount "46"]
[EventDate "2018.06.21"]
[EventCountry "BLR"]
[SourceTitle "playchess.com"]
[Source "ChessBase"]
[SourceQuality "1"]
[TimeControl "900+10"]

1. e4 c5 2. Nf3 a6 3. g3 Nc6 4. Bg2 e5 5. O-O Nf6 6. Re1 d6 7. h3 h6 8. c3 g5 9. d4 g4 10. hxg4 Bxg4 11. dxc5 dxc5 12. Qe2 Qd7 13. Nbd2 Qe6 14. Nc4 Be7 15. Ne3 h5 16. Nf5 O-O-O 17. Bg5 Rhg8 18. Nxe7+ Nxe7 19. Qe3 Qd6 20. Rad1 Qxd1 21. Rxd1 Rxd1+ 22. Kh2 Bxf3 23. Qxf3 Ng4+ {Qe3 Nf6 Bxf6} 1-0

[Event "Kupreichik Memorial Open 2018"]
[Site "Minsk"]
[Date "2018.06.21"]
[Round "4"]
[White "Savolainen, Lev P"]
[Black "Laptii, Nazar"]
[Result "1-0"]
[ECO "A40"]
[WhiteElo "2163"]
[BlackElo "1915"]
[Annotator "NA"]
[PlyCount "95"]
[EventDate "2018.06.21"]
[EventCountry "BLR"]
[SourceTitle "playchess.com"]
[Source "ChessBase"]
[SourceQuality "1"]
[TimeControl "900+10"]

1. d4 g6 2. Nf3 Bg7 3. c4 Nf6 4. Nc3 O-O 5. Bf4 d6 6. h3 Nbd7 7. e3 c6 8. Be2 Qe8 9. O-O e5 10. Bh2 e4 11. Nd2 Qe7 12. b4 b6 13. a4 Bb7 14. Qb1 c5 15. bxc5 dxc5 16. Nb5 Ne8 17. Nb3 a6 18. Nc3 f5 19. a5 f4 20. Bxf4 cxd4 21. Nd5 Bxd5 22. cxd5 g5 23. d6 Nxd6 24. Bxd6 Qxd6 25. Nxd4 Bxd4 26. exd4 Qxd4 27. Qb3+ Kh8 28. Rad1 Qg7 29. axb6 Rab8 30. Rd6 Rf6 31. Rxf6 Qxf6 32. Rd1 Rxb6 33. Qe3 Nf8 34. Qxe4 Re6 35. Qc4 Rc6 36. Qa2 Ng6 37. Bf3 Rc8 38. Qd5 Nh4 39. Bg4 Rf8 40. Rd2 h6 41. Qc5 Re8 42. Rd6 Qa1+ 43. Kh2 Qg7 44. Qc6 Rf8 45. Rxh6+ Kg8 46. Be6+ Rf7 47. Qe8+ Qf8 48. Bxf7+ 1-0

[Event "Kupreichik Memorial Open 2018"]
[Site "Minsk"]
[Date "2018.06.21"]
[Round "4"]
[White "Badelka, Olga"]
[Black "Zhukova, Natalia"]
[Result "0-1"]
[ECO "D35"]
[WhiteElo "2153"]
[BlackElo "2356"]
[Annotator "NA"]
[PlyCount "76"]
[EventDate "2018.06.21"]
[EventCountry "BLR"]
[SourceTitle "playchess.com"]
[Source "ChessBase"]
[SourceQuality "1"]
[TimeControl "900+10"]

1. d4 Nf6 2. c4 e6 3. Nc3 d5 4. cxd5 Nxd5 5. e4 Nxc3 6. bxc3 c5 7. Nf3 cxd4 8. cxd4 Bb4+ 9. Bd2 Bxd2+ 10. Qxd2 O-O 11. Bc4 Nd7 12. O-O b6 13. Rfe1 Bb7 14. Rad1 Rc8 15. Bd3 h6 16. Bb1 Qc7 17. Re3 Rfd8 18. Ne1 Ne5 19. Rg3 Nc4 20. Qe2 Qe7 21. e5 Na3 22. Bd3 Kh8 23. Qg4 Qf8 24. Be4 Bxe4 25. Qxe4 Nb5 26. Qe3 Nc3 27. Rd2 Qb4 28. h3 Ne4 29. Qxe4 Qxd2 30. Nf3 Rc1+ 31. Kh2 Qxf2 32. Qg4 Rg8 33. Qh5 Qf1 34. Rg4 Qh1+ 35. Kg3 Rc2 36. Qxf7 Rxg2+ 37. Kf4 Qc1+ 38. Ke4 Re2+ 0-1